 Dungeon Crawl Stone Soup version 0.19-a0-867-g949743d (webtiles) character file.

65532 4thArraOfDagon the Brawler (level 14, -6/136 HPs)
             Began as a Troll Earth Elementalist on July 3, 2016.
             Was the Champion of Hepliaklqana.
             Mangled by a ghost moth (9 damage)
             ... on level 1 of the Spider Nest.
             The game lasted 01:11:38 (12351 turns).

4thArraOfDagon the Brawler (TrEE)                  Turns: 12351, Time: 01:11:38

Health: -6/136     AC:  7    Str: 19      XL:     14   Next: 75%
Magic:  0/17       EV: 15    Int: 11 (13) God:    Hepliaklqana [******]
Gold:   916        SH:  0    Dex: 12      Spells: 5 memorised, 7 levels left

rFire  . . .     SeeInvis .       - Unarmed
rCold  . . .     Gourm    +     I - troll hide
rNeg   + . .     Faith    .     (no shield)
rPois  +         Spirit   .     X - +0 hat
rElec  .         Dismiss  .     Y - +0 cloak
rCorr  .         Reflect  .     (gloves unavailable)
SustAt .         Harm     .     (boots unavailable)
MR     +....     Rnd*Rage +     (no amulet)
Stlth  +.........               s - ring of positive energy
                                O - ring of wizardry

@: about to teleport, somewhat resistant to hostile enchantments, very
unstealthy
A: unfitting armour, claws 3, horns 1, repulsion field 1, rugged brown scales 1,
agile 1, berserk 1, deformed body, dopey 1, fast metabolism 3, gourmand, low mp
1, poison resistance, regeneration 2, shaggy fur 2, tough skin 2
a: Recall Ancestor, Ancestor Identity, Transference, Idealise, Renounce Religion


You were on level 1 of the Spider Nest.
You worshipped Hepliaklqana.
Hepliaklqana was exalted by your worship.
You were very full.

You visited 4 branches of the dungeon, and saw 24 of its levels.

You collected 1805 gold pieces.
You spent 889 gold pieces at shops.

Inventory:

Hand Weapons
 B - a +0 giant spiked club
 F - a +0 blowgun
 K - the +1 war axe "Ofrakhan" {flame, Str+4}
   (You found it on level 1 of the Lair of Beasts)

   It has been specially enchanted to burn those struck by it, causing extra
   injury to most foes and up to half again as much damage against particularly
   susceptible opponents.
   Big, fiery blades are also staple armaments of hydra-hunters.
   It affects your strength (+4).
Missiles
 x - 39 large rocks (quivered)
 D - 14 curare-tipped needles
 Q - 2 throwing nets
Armour
 t - a +0 robe of positive energy
 u - a +0 robe of cold resistance
 I - a troll hide (worn)
 M - the +1 robe of Hopscotch {Str+3}
   (You bought it in a shop on level 2 of the Orcish Mines)

   It affects your strength (+3).
 T - a +0 robe of positive energy
 X - a +0 hat (worn)
 Y - a +0 cloak (worn)
Jewellery
 s - a ring of positive energy (right claw)
 L - an uncursed ring of teleportation
 O - a ring of wizardry (left claw)
Wands
 k - a wand of polymorph (15/24)
 r - a wand of confusion (10/48)
 y - a wand of flame (17/48)
 J - a wand of lightning (7/15)
Scrolls
 i - 3 scrolls of recharging {unknown}
 j - 5 scrolls of fog
 l - a scroll of amnesia
 n - 5 scrolls of fear
 o - 2 scrolls of teleportation
 p - a scroll of enchant weapon {unknown}
 q - 2 scrolls of noise {unknown}
 w - a scroll of enchant armour {unknown}
 C - 4 scrolls of immolation
 H - 2 scrolls of magic mapping {unknown}
 N - 3 scrolls of blinking {unknown}
 S - a scroll of summoning {unknown}
 W - a scroll of silence {unknown}
Potions
 a - 2 potions of cure mutation
 b - 3 potions of magic
 c - a potion of invisibility
 e - 3 potions of might
 f - 3 potions of cancellation
 h - 2 potions of flight
 m - a potion of agility
 v - 5 potions of haste
 z - 6 potions of brilliance
 A - 6 potions of curing
 G - a potion of ambrosia
 U - a potion of berserk rage
Books
 P - the Reference Book on the Rocks
   (You found it on level 2 of the Lair of Beasts)

   Spells                             Type                      Level
   a - Stone Arrow                    Conjuration/Earth            3
   b - Petrify                        Transmutation/Earth          4
   c - Lee's Rapid Deconstruction     Earth                        5
   d - Statue Form                    Transmutation/Earth          6
Miscellaneous
 R - a phantom mirror
 V - a box of beasts
Comestibles
 d - 16 bread rations
 g - 9 meat rations


   Skills:
 - Level 7.0 Fighting
 - Level 7.6 Dodging
 - Level 1.1 Stealth
 - Level 16.0 Unarmed Combat
 + Level 4.1 Spellcasting
 * Level 7.0 Transmutations
 * Level 9.0 Earth Magic
 - Level 8.2 Invocations


You had 7 spell levels left.
You knew the following spells:

 Your Spells              Type           Power        Failure   Level  Hunger
a - Blink                 Tloc           N/A          17%         2    ##.....
b - Statue Form           Tmut/Erth      ###......    77%         6    #######
c - Passwall              Tmut/Erth      ###.......   1%          2    ##.....
d - Repel Missiles        Chrm/Air       #.....       17%         2    ##.....
e - Swiftness             Chrm/Air       #.......     17%         2    ##.....


Dungeon Overview and Level Annotations

Branches:
Dungeon (15/15)            Temple (0/1) D:7            Lair (6/6) D:11
  Swamp (0/4) Lair:2       Spider (1/4) Lair:2        Slime (0/5) Lair:5
    Orc (2/2) D:11            Elf (0/3) Orc:2
 Vaults: D:13-14     Depths: D:15

Altars:
Ashenzari
Dithmenos
Hepliaklqana
Nemelex Xobeh
Okawaru
Pakellas
Ru
Sif Muna
Xom
Yredelemnul
The Shining One
Jiyva

Shops:
D:15 (   Orc:2 ![*(


Innate Abilities, Weirdness & Mutations

You are too large for most types of armour.
You have claws for hands.
Your metabolism is lightning-fast.
You like to eat raw meat.
You heal very quickly.
You are covered in thick fur. (AC +2)
You have very tough skin. (AC +2)
You have a pair of small horns on your head.
You are surrounded by a mild repulsion field. (EV +2)
You are partially covered in rugged brown scales. (AC +1, +3% HP)
You are agile. (Dex +2)
You tend to lose your temper in combat.
Armour fits poorly on your strangely shaped body.
You are dopey. (Int -2)
Your magical capacity is low. (-10% MP)
Your system is resistant to poisons. (rPois)


Message History

Unknown command.
Unknown command.
Okay, then.
Okay, then.
Unknown command.
You feel better.
You feel you are being watched by something.
Something barely misses you. Something hits you!
* * * LOW HITPOINT WARNING * * *
Something stings you but does no damage.
Unknown command.
You feel better.
You feel you are being watched by something.
Something hits you.
* * * LOW HITPOINT WARNING * * *
You feel dopey. Something hits you!
* * * LOW HITPOINT WARNING * * *
Something stings you!
You die...

.....##...#......^#
..#...#.........###
..#..............#
..#..........##[.#### .
..#^...........#.#..# ..
/......##.##.)......#...
..........#...##........
^......##.......^......!
#......(........@.....>.
#..(.#..........{...####
.....(.:#........#.#....
#......##..#####.#.#....
.............. ..... ...
.............. ?...#. .#
......................
..^#...######..........
......## #..)....##


There were no monsters in sight!

Vanquished Creatures
  An emperor scorpion (Lair:2)
  The ghost of Shenda the Brawler, a journeyman TrMo (Lair:2)
  Josephine (Lair:5)
  2 catoblepae
  3 hydras
  6 death yaks (Lair:6)
  A deep troll shaman (Lair:6)
  2 ogre magi (Orc:2)
  An orc high priest (Orc:1)
  A deep troll (Orc:2)
  5 hill giants
  An orc knight (Orc:2)
  An orc sorcerer (Orc:1)
  3 orb spiders (Spider:1)
  A griffon (Lair:5)
  2 wolf spiders (Spider:1)
  6 ugly things (D:14)
  A manticore (D:12)
  9 cyclopes
  A moth of wrath (Spider:1)
  A centaur zombie (D:13)
  An octopode (shapeshifter) (D:15)
  3 black mambas
  8 elephants
  A gargoyle (D:10)
  2 spiny frogs
  A rime drake (Lair:2)
  A redback zombie (D:10)
  A kobold demonologist (D:11)
  A demonic crawler (Spider:1)
  An efreet (D:13)
  4 komodo dragons
  2 jumping spiders (Spider:1)
  9 trolls
  4 two-headed ogres (Orc:2)
  2 polar bears (Lair:6)
  3 slime creatures (D:12)
  A boulder beetle (Lair:6)
  4 wraiths
  A redback (Spider:1)
  2 tarantellas
  A wyvern (shapeshifter) (D:13)
  4 wyverns
  A vampire (D:13)
  25 yaks
  The ghost of 4thArraOfDagon the Ruffian, an amateur TrEE (D:5)
  4 hippogriffs
  A steam dragon (D:11)
  4 hungry ghosts
  2 vampire mosquitoes (D:13)
  3 wargs
  10 water moccasins
  6 porcupines
  15 orc warriors
  3 sky beasts
  An eye of draining (D:10)
  3 ice beasts
  4 phantoms
  24 ogres
  2 black bears
  8 wolves
  4 centaurs
  12 crocodiles
  5 big kobolds (D:11)
  6 giant frogs
  A wyvern skeleton (D:8)
  2 scorpions
  3 howler monkeys
  An electric eel (Lair:6)
  6 crimson imps
  2 giant frog zombies
  7 hounds
  A jelly (D:10)
  6 orc priests
  3 giant frog skeletons
  10 iguanas
  Natasha (D:2)
  3 centaur skeletons
  16 orc wizards
  5 worker ants
  15 sheep
  A killer bee zombie (D:6)
  A howler monkey zombie (D:10)
  7 gnolls
  3 adders
  26 river rats
  2 shadow imps
  An ooze (D:1)
  An adder skeleton (D:7)
  A worm (D:2)
  2 dart slugs
  6 giant geckos
  46 orcs
  2 ball pythons
  A giant cockroach (D:5)
  2 goblins
  2 hobgoblins (D:2)
  14 kobolds
  2 quokkas
  4 bats
  2 giant newts
  A rat (D:2)
  A fungus (Lair:6)
461 creatures vanquished.

Vanquished Creatures (collateral kills)
  2 hydras
  A centaur warrior (D:13)
  A death yak (Lair:6)
  A deep troll (Orc:2)
  A deep elf mage (D:12)
  A hill giant (D:12)
  3 ugly things (D:14)
  2 elephants (Lair:6)
  A centaur skeleton (D:11)
  A kobold demonologist (D:11)
  A spiny frog (Lair:6)
  A demonic crawler (Spider:1)
  A troll (D:10)
  2 two-headed ogres (Orc:2)
  A wraith (D:15)
  A yak (D:11)
  A basilisk (Lair:2)
  A vampire mosquito (D:13)
  A porcupine (Lair:1)
  An orc warrior (D:13)
  3 ogres (Orc:2)
  A wolf (Lair:3)
  2 centaurs
  2 giant frogs
  A scorpion (D:11)
  4 orc wizards
  An iguana (Lair:2)
  2 worker ants
  2 sheep
  2 adders
  A river rat (Lair:4)
  2 oozes
  An adder skeleton (D:7)
  5 orcs
  A goblin (D:2)
  2 giant newts
  2 kobolds (D:11)
  A plant (Lair:1)
60 creatures vanquished.

Vanquished Creatures (others)
  A hydra (Lair:6)
  A hill giant (Orc:2)
  A komodo dragon (Lair:6)
  11 hexers
  4 fungi
  2 plants
20 creatures vanquished.

Grand Total: 541 creatures vanquished

Notes
Turn   | Place    | Note
-------+----------+-------------------------------------------
     0 | D:1      | 4thArraOfDagon the Troll Earth Elementalist began the quest for the Orb.
     0 | D:1      | Reached XP level 1. HP: 16/16 MP: 1/1
    43 | D:2      | Reached skill level 1 in Unarmed Combat
   116 | D:2      | Reached XP level 2. HP: 17/24 MP: 2/2
   127 | D:2      | Noticed Natasha
   138 | D:2      | Noticed a crimson imp
   145 | D:2      | Noticed a crimson imp
   206 | D:5      | Entered Level 5 of the Dungeon
   222 | D:5      | Reached skill level 2 in Unarmed Combat
   266 | D:5      | Noticed 4thArraOfDagon's ghost (amateur TrEE)
   311 | D:5      | Reached skill level 3 in Unarmed Combat
   311 | D:5      | Reached XP level 3. HP: 20/31 MP: 0/3
   369 | D:5      | so laggu
   398 | D:6      | Found a hazy altar of Hepliaklqana.
   398 | D:6      | Found a sacrificial altar of Ru.
   401 | D:6      | Became a worshipper of Hepliaklqana
   406 | D:6      | Reached XP level 4. HP: 33/39 MP: 4/4
   464 | D:6      | Reached skill level 4 in Unarmed Combat
   516 | D:5      | Noticed a centaur
   530 | D:5      | Killed a centaur
   530 | D:5      | Reached skill level 5 in Unarmed Combat
   530 | D:5      | Reached XP level 5. HP: 22/45 MP: 5/5
   560 | D:5      | Noticed an ogre
   577 | D:5      | Killed an ogre
   645 | D:5      | Reached XP level 6. HP: 48/53 MP: 6/6
   683 | D:5      | Reached skill level 6 in Unarmed Combat
   794 | D:4      | Found a shimmering altar of Xom.
   794 | D:4      | Found a shattered altar of Ashenzari.
   796 | D:4      | Found a basalt altar of Yredelemnul.
   947 | D:5      | Reached * piety under Hepliaklqana
  1026 | D:4      | Reached skill level 7 in Unarmed Combat
  1026 | D:4      | Reached XP level 7. HP: 59/59 MP: 4/7
  1091 | D:3      | Found a glowing golden altar of the Shining One.
  1194 | D:3      | Found a deep blue altar of Sif Muna.
  1217 | D:2      | Killed Natasha
  1369 | D:1      | Found a sparkling altar of Nemelex Xobeh.
  1541 | D:5      | Killed 4thArraOfDagon's ghost
  1541 | D:5      | Reached skill level 8 in Unarmed Combat
  1579 | D:6      | Reached skill level 9 in Unarmed Combat
  1637 | D:6      | Gained mutation: Your body sometimes deteriorates upon taking damage. [mutagenic meat]
  1640 | D:6      | Gained mutation: You are frail. (-10% HP) [mutagenic meat]
  1643 | D:6      | Gained mutation: Potions and wands are less effective at restoring your health. [mutagenic meat]
  1646 | D:6      | Gained mutation: You are agile. (Dex +2) [mutagenic meat]
  1714 | D:6      | Reached ** piety under Hepliaklqana
  1760 | D:6      | Remembered your ancestor Psammuthes as a hexer
  1771 | D:6      | Reached XP level 8. HP: 48/60 MP: 8/8
  1780 | D:6      | Learned a level 1 spell: Confusing Touch
  1783 | D:6      | Learned a level 2 spell: Passwall
  1941 | D:7      | Reached skill level 10 in Unarmed Combat
  2063 | D:7      | Found a staircase to the Ecumenical Temple.
  2340 | D:8      | Reached skill level 11 in Unarmed Combat
  2392 | D:8      | Reached skill level 1 in Invocations
  2450 | D:9      | Reached skill level 1 in Fighting
  2450 | D:9      | Reached XP level 9. HP: 56/68 MP: 9/9
  2460 | D:9      | Found an oddly glowing altar of Pakellas.
  2493 | D:9      | Noticed a cyclops
  2525 | D:9      | Lost mutation: Your body sometimes deteriorates upon taking damage. [potion of cure mutation]
  2525 | D:9      | Lost mutation: You are frail. (-10% HP) [potion of cure mutation]
  2525 | D:9      | Lost mutation: Potions and wands are less effective at restoring your health. [potion of cure mutation]
  2525 | D:9      | Lost mutation: You are agile. (Dex +2) [potion of cure mutation]
  2550 | D:9      | Killed a cyclops
  2893 | D:7      | Reached *** piety under Hepliaklqana
  3022 | D:10     | Entered Level 10 of the Dungeon
  3079 | D:10     | Reached skill level 12 in Unarmed Combat
  3188 | D:10     | Reached XP level 10. HP: 34/89 MP: 11/11
  3644 | D:10     | Noticed a gargoyle
  3652 | D:10     | Killed a gargoyle
  3652 | D:10     | Reached skill level 13 in Unarmed Combat
  3741 | D:11     | Reached skill level 5 in Invocations
  3869 | D:12     | Noticed a hill giant
  3876 | D:12     | Reached skill level 5 in Dodging
  3877 | D:12     | Noticed a manticore
  3884 | D:12     | Killed a hill giant
  3884 | D:12     | Reached XP level 11. HP: 101/101 MP: 13/13
  3935 | D:12     | Noticed a hill giant
  3944 | D:12     | Killed a hill giant
  3945 | D:12     | Noticed a deep elf mage
  3956 | D:12     | Killed a deep elf mage
  4132 | D:12     | Noticed a hill giant
  4138 | D:12     | Killed a hill giant
  4170 | D:12     | Found a shadowy altar of Dithmenos.
  4198 | D:12     | Learned a level 2 spell: Blink
  4201 | D:12     | Learned a level 2 spell: Repel Missiles
  4339 | D:12     | Reached **** piety under Hepliaklqana
  4502 | D:13     | Gained mutation: You possess an exceptional clarity of mind. [potion of mutation]
  4502 | D:13     | Gained mutation: You are covered in thick fur. (AC +2) [potion of mutation]
  4503 | D:13     | Gained mutation: Armour fits poorly on your strangely shaped body. [potion of mutation]
  4503 | D:13     | Gained mutation: You tend to lose your temper in combat. [potion of mutation]
  4504 | D:13     | Gained mutation: You are agile. (Dex +2) [potion of mutation]
  4504 | D:13     | Gained mutation: Your system is resistant to poisons. (rPois) [potion of mutation]
  4504 | D:13     | Gained mutation: You have a pair of small horns on your head. [potion of mutation]
  4626 | D:13     | Reached skill level 5 in Fighting
  4663 | D:13     | Noticed a centaur warrior
  4679 | D:13     | Killed a centaur warrior
  4679 | D:13     | Reached skill level 14 in Unarmed Combat
  4823 | D:12     | Noticed a hill giant
  4879 | D:12     | Killed a hill giant
  5104 | D:13     | Noticed an ogre mage
  5269 | D:15     | Entered Level 15 of the Dungeon
  5314 | D:15     | Noticed a six-headed hydra
  5369 | D:14     | Noticed a white ugly thing
  5370 | D:14     | Noticed a white ugly thing
  5395 | D:14     | Noticed a white ugly thing
  5401 | D:14     | Noticed a white ugly thing
  5409 | D:14     | Killed a brown ugly thing
  5420 | D:14     | Killed a white ugly thing
  5420 | D:14     | Reached XP level 12. HP: 79/113 MP: 11/16
  5475 | D:14     | Gained mutation: Your flesh is heat resistant. (rF+) [mutagenic meat]
  5481 | D:14     | Gained mutation: You are partially covered in rugged brown scales. (AC +1, +3% HP) [mutagenic meat]
  5484 | D:14     | Lost mutation: You possess an exceptional clarity of mind. [mutagenic meat]
  5487 | D:14     | Gained mutation: You are dopey. (Int -2) [mutagenic meat]
  5510 | D:15     | Noticed a seven-headed hydra
  5700 | D:15     | Found Ynnunu's Antique Weapon Boutique.
  5995 | D:14     | Gained mutation: You are surrounded by a mild repulsion field. (EV +2) [mutagenic meat]
  6001 | D:14     | Gained mutation: You are very agile. (Dex +4) [mutagenic meat]
  6007 | D:14     | Gained mutation: Your magical capacity is low. (-10% MP) [mutagenic meat]
  6013 | D:14     | Lost mutation: Your flesh is heat resistant. (rF+) [mutagenic meat]
  6019 | D:14     | Lost mutation: You are very agile. (Dex +4) [mutagenic meat]
  6084 | D:13     | Reached skill level 15 in Unarmed Combat
  6150 | D:13     | Learned a level 2 spell: Swiftness
  6608 | D:9      | Found an iron altar of Okawaru.
  7106 | D:11     | Noticed a four-headed hydra
  7111 | D:11     | Killed a four-headed hydra
  7287 | D:11     | Found a staircase to the Lair.
  7292 | Lair:1   | Entered Level 1 of the Lair of Beasts
  7320 | Lair:1   | Got a scorched war axe
  7325 | Lair:1   | Identified the cursed +1 war axe "Ofrakhan" {flame, Str+4} (You found it on level 1 of the Lair of Beasts)
  7417 | Lair:1   | Noticed a four-headed hydra
  7422 | Lair:1   | Killed a four-headed hydra
  7535 | Lair:3   | jacquesderrida: Oooooi
  7545 | Lair:3   | jacquesderrida: Oiiiii
  7617 | Lair:3   | 4thArraOfDagon: oiiiiii
  7659 | Lair:3   | Noticed a four-headed hydra
  7668 | Lair:3   | Killed a four-headed hydra
  7668 | Lair:3   | Reached XP level 13. HP: 127/127 MP: 16/16
  7740 | Lair:2   | Reached ***** piety under Hepliaklqana
  7744 | Lair:2   | jacquesderrida: oiiiiiiiiiiii MATEY
  7758 | Lair:2   | Found a hole to the Spider Nest.
  7766 | Lair:2   | Identified the Reference Book on the Rocks (You found it on level 2 of the Lair of Beasts)
  7837 | Lair:2   | Learned a level 6 spell: Statue Form
  7860 | Lair:2   | Found a staircase to the Swamp.
  7905 | Lair:2   | hep
  7905 | Lair:2   | me
  7905 | Lair:2   | hep
  7905 | Lair:2   | lia
  7905 | Lair:2   | klqana
  7913 | Lair:2   | Reached skill level 1 in Transmutations
  7974 | Lair:2   | Noticed Shenda's ghost (journeyman TrMo)
  8019 | Lair:2   | Liquid: oiiiiiii Jac
  8094 | Lair:2   | Killed Shenda's ghost
  8142 | Lair:2   | 4thArraOfDagon: welkome
  8142 | Lair:2   | 4thArraOfDagon: to the oi punk fun club
  8300 | Lair:5   | Noticed Josephine
  8312 | Lair:5   | Killed Josephine
  8334 | Lair:5   | Found a staircase to the Slime Pits.
  8335 | Lair:5   | Found a viscous altar of Jiyva.
  8749 | Lair:6   | Entered Level 6 of the Lair of Beasts
  8907 | Lair:6   | Reached skill level 16 in Unarmed Combat
  9051 | Lair:6   | Reached skill level 5 in Earth Magic
  9462 | Lair:6   | Reached XP level 14. HP: 79/136 MP: 17/17
  9583 | Lair:6   | Reached skill level 5 in Transmutations
  9590 | Lair:6   | rotfl
 10292 | D:11     | Found a staircase to the Orcish Mines.
 10302 | Orc:1    | Entered Level 1 of the Orcish Mines
 10629 | Orc:2    | Entered Level 2 of the Orcish Mines
 10737 | Orc:2    | Reached ****** piety under Hepliaklqana
 10739 | Orc:2    | Found a staircase to the Elven Halls.
 11390 | Orc:2    | Found Antess's Distillery.
 11582 | Orc:2    | Found Siteed's Antique Armour Boutique.
 11588 | Orc:2    | Found Vaogut Kafu's General Store.
 11590 | Orc:2    | Bought a potion of brilliance for 64 gold pieces
 11590 | Orc:2    | Bought a potion of might for 64 gold pieces
 11595 | Orc:2    | Bought a shadowed robe for 119 gold pieces
 11599 | Orc:2    | Found Ashuga Etuo's Antique Weapon Shop.
 11615 | Orc:2    | jacquesderrida: Ms. Fortune
 11627 | Orc:2    | Identified the cursed +1 robe of Hopscotch {Str+3} (You bought it in a shop on level 2 of the Orcish Mines)
 11630 | Orc:2    | Bought a scroll of teleportation for 54 gold pieces
 11630 | Orc:2    | jacquesderrida: HOP SCOTCH
 11630 | Orc:2    | jacquesderrida: Nois
 11636 | Orc:2    | Bought an embroidered robe for 14 gold pieces
 11636 | Orc:2    | Bought a cloak for 94 gold pieces
 11649 | Orc:2    | Bought a potion of flight for 48 gold pieces
 11649 | Orc:2    | Bought a potion of invisibility for 128 gold pieces
 11649 | Orc:2    | Bought a potion of curing for 48 gold pieces
 11649 | Orc:2    | Bought a potion of curing for 48 gold pieces
 11649 | Orc:2    | Bought 2 potions of curing for 96 gold pieces
 11649 | Orc:2    | Bought a potion of curing for 48 gold pieces
 11649 | Orc:2    | Bought a potion of agility for 64 gold pieces
 11854 | Spider:1 | Entered Level 1 of the Spider Nest
 11854 | Spider:1 | Noticed an emperor scorpion
 11892 | Lair:2   | Killed an emperor scorpion
 12347 | Spider:1 | jacquesderrida: o
 12351 | Spider:1 | HP: 3/136 [something (14)]
 12351 | Spider:1 | Mangled by a ghost moth

Vault maps used:
D:1:      co_arrival_random_square_maze, nemelex_diamond_rough_becter
D:2:      serial_forest, infiniplex_forest_lined_room_, infiniplex_forest_end_2,
          infiniplex_forest_lined_room_2, infiniplex_forest_clump_long,
          trog_butcher_becter, uniq_natasha
D:3:      lemuel_round_altar, tso_altar,
          nicolae_gozag_cash_rules_everything_around_me, first_bread
D:4:      gammafunk_temple_overflow_claw
D:5:      wad_river_or_something, marbit_many_paths
D:6:      gammafunk_temple_overflow_elements, minmay_door_square
D:8:      grunt_pizzeria, hangedman_decor_points
D:9:      minitemple, okawaru_gym_becter
D:11:     erik_lair_dragon, orc_0_dummy
D:12:     nicolae_dithmenos_shadow_blocks
D:13:     david_vaults_2
D:15:     grunt_enter_depths_giant_problem, serial_shops, shop,
          nicolae_shop_stone, nicolae_shop_temple_entry_statues_fountains
Lair:2:   minmay_swamp_entry_reptiles, spider_nest_entry_web_field
Lair:3:   serial_bayou_pond_d
Lair:4:   st_stairs_7
Lair:5:   slime_altar_1, uniq_josephine, uniq_nessos
Lair:6:   grunt_lair_end_beastmaster, serial_bayou_pond_a, st_stairs_7,
          serial_bayou_shore_a, grunt_megastairs_3, infiniplex_staircase_pool
Spider:1: cheibrodos_spider_creepycove
Orc:1:    mines2_lemuel
Orc:2:    st_orc_open, nicolae_orc_lava_tube

Skill      XL: |  1  2  3  4  5  6  7  8  9 10 11 12 13 14 |
---------------+-------------------------------------------+-----
Unarmed Combat | 1 3 5 7 9 11 12 13 14 15 16 | 16.0
Invocations    | 1 3 5 6 8 |  8.2
Fighting       | 1 2 4 5 7 |  7.0
Dodging        | 2 3 5 6 7 |  7.6
Transmutations | 4 7 |  7.0
Earth Magic    | 6 9 |  9.0
Spellcasting   | 3 4 |  4.1
Stealth        | |  1.1

Action                   |  1- 3 |  4- 6 |  7- 9 | 10-12 | 13-15 || total
-------------------------+-------+-------+-------+-------+-------++-------
Melee: Unarmed           |    51 |    67 |   256 |   551 |   736 ||  1661
       Punch             |       |     1 |     8 |    40 |    59 ||   108
       Headbutt          |       |       |       |    67 |   141 ||   208
Throw: Large rock        |       |       |       |    16 |    38 ||    54
 Cast: Sandblast         |     2 |     7 |       |       |       ||     9
       Repel Missiles    |       |       |       |     5 |     1 ||     6
Invok: Recall Ancestor   |       |     1 |       |     1 |     2 ||     4
       Ancestor Life: He |       |       |     1 |       |       ||     1
       Idealise          |       |       |       |     2 |     1 ||     3
       Transference      |       |       |       |       |     1 ||     1
Evoke: Wand              |       |       |       |       |     2 ||     2
  Use: Scroll            |     2 |       |     3 |    10 |     9 ||    24
       Potion            |       |       |     3 |     7 |     6 ||    16
 Stab: Distracted        |       |       |     3 |     5 |    16 ||    24
       Confused          |       |       |     3 |     5 |     7 ||    15
       Invisible         |       |       |       |       |     7 ||     7
       Sleeping          |       |       |       |       |     2 ||     2
  Eat: Chunk             |     9 |     4 |    21 |    67 |    47 ||   148
       Royal jelly       |       |       |     4 |       |       ||     4
       Pizza             |       |       |       |     1 |       ||     1
       Beef jerky        |       |       |       |     1 |       ||     1
       Fruit             |       |       |       |       |     1 ||     1
Armor: Robe              |    30 |    20 |    41 |    46 |     8 ||   145
       Skin              |       |       |     3 |     4 |       ||     7
       Troll hide        |       |       |       |       |    76 ||    76
Dodge: Dodged            |    37 |    31 |    88 |   214 |   386 ||   756
       Deflected         |       |       |       |    10 |     2 ||    12
